Map: Último impacto

Players

MrFercho - Winner!

  • Race: Terran Terran
  • Spawn Location: 7:00

tigro - Winner!

  • Race: Terran Terran
  • Spawn Location: 7:00

IA (Más difícil)

  • Race: Terran Terran
  • Spawn Location: 5:00

IA (Más difícil)

  • Race: Zerg Zerg
  • Spawn Location: 5:00

IA (Más difícil)

  • Race: Zerg Zerg
  • Spawn Location: 5:00

VOD

Have the link to the VOD?

Description

Time

  • Played on: Nov. 17, 2018, 12:07 a.m.
  • Length: 37:39
Show
View Real Time Build Order
Export as new Build Order

MrFercho Terran - Winner!

Build Orders: Command Center First (CC) 

Get SALT Encoding   

  12  0:01  SCV  
  13  0:20  Supply Depot  
  13  0:29  Refinery  
  13  0:57  SCV  
  14  1:10  SCV  
  15  1:18  Refinery  
  15  1:22  SCV  
  16  1:34  SCV  
  17  1:49  Command Center  
  17  1:52  SCV  
  18  2:04  SCV  
  19  2:10  Barracks  
  19  2:16  SCV  
  20  2:28  Supply Depot, SCV  
  21  2:50  Supply Depot  
  21  3:08  Refinery  
  21  3:12  Barracks Tech Lab  
  21  3:20  Engineering Bay  
  21  3:25  SCV  
  22  3:32  SCV  
  23  3:34  Refinery  
  23  3:37  SCV  
  24  3:45  Reaper  
  25  3:49  Engineering Bay, SCV  
  26  4:01  SCV  
  27  4:07  Orbital Command  
  27  4:12  Terran Infantry Weapons Level 1  
  27  4:13  SCV  
  28  4:17  Reaper  
  29  4:32  Factory  
  29  4:50  Reaper  
  30  5:01  Orbital Command  
  30  5:28  Sensor Tower  
  30  6:10  Starport  
  30  6:21  Missile Turret  
  30  6:36  SCV x2  
  32  6:44  Factory Tech Lab, Missile Turret  
  32  6:48  SCV x2  
  32  6:53  Starport Tech Lab  
  34  7:00  SCV x2  
  36  7:03  Barracks  
  36  7:32  Factory  
  36  7:42  Raven  
  38  7:52  Barracks  
  38  8:07  Supply Depot  
  38  8:08  Liberator  
  38  8:09  Supply Depot  
  38  8:10  Supply Depot  
  38  8:26  Factory  
  41  8:30  Command Center  
  41  8:34  Refinery x2  
  41  8:42  Fusion Core  
  41  8:45  Barracks  
  41  8:51  Liberator  
  41  8:55  Armory x2  
  44  9:13  Barracks Tech Lab  
  44  9:14  Barracks Tech Lab, Factory  
  44  9:33  Factory Tech Lab  
  44  9:34  Armory, Factory Tech Lab  
  44  9:47  Starport, Engineering Bay  
  44  10:24  Missile Turret  
  44  10:25  Starport  
  44  10:38  Factory Tech Lab  
  44  10:43  Thor x2  
  44  10:44  Siege Tank  
  44  10:45  Missile Turret  
  59  10:52  Starport Tech Lab  
  59  10:58  SCV x2  
  61  11:04  Starport  
  61  11:07  Orbital Command  
  61  11:10  SCV  
  61  11:11  SCV  
  63  11:16  Siege Tank  
  66  11:22  Terran Infantry Weapons Level 2  
  66  11:23  Terran Infantry Armor Level 1, SCV x2  
  68  11:28  Terran Ship Weapons Level 1, Terran Vehicle And Ship Armor Level 1, Terran Vehicle Weapons Level 1  
  68  11:35  SCV x2  
  70  11:42  Ghost Academy  
  71  11:47  SCV x2  
  72  12:19  Barracks Tech Lab  
  72  12:28  Marauder  
  78  12:30  Marauder x2  
  78  12:46  Starport Tech Lab x2  
  78  12:49  Marine  
  78  12:51  Marine x2  
  81  12:59  Banshee x2  
  87  13:07  Marine  
  88  13:41  Banshee  
  91  14:08  Supply Depot  
  91  14:09  Supply Depot  
  91  14:13  Battlecruiser  
  91  14:16  Supply Depot  
  97  14:25  Battlecruiser  
  103  14:32  Supply Depot x2  
  94  14:40  Supply Depot  
  72  14:45  Banshee x2  
  72  14:49  Thor x2  
  72  14:50  Siege Tank x2  
  90  15:17  Banshee  
  93  15:22  Cyclone x2  
  93  15:28  Banshee  
  102  15:44  Marauder x4, Missile Turret  
  102  15:46  Missile Turret  
  110  16:05  Marauder x2  
  110  16:06  Marauder x2  
  118  16:11  Terran Vehicle Weapons Level 2, Terran Ship Weapons Level 2  
  118  16:12  Terran Vehicle And Ship Armor Level 2  
  118  16:17  Command Center  
  118  16:40  Refinery  
  118  16:42  Refinery  
  118  16:52  Sensor Tower  
  118  17:05  Sensor Tower  
  79  18:12  Rapid Reignition System, Advanced Ballistics  
  70  18:13  Corvid Reactor  
  70  18:14  Hyperflight Rotors  
  67  18:22  Infernal Pre-Igniter  
  67  18:23  Rapid Fire Launchers, Drilling Claws  
  64  18:34  Combat Shield  
  61  18:35  Concussive Shells  
  61  18:36  Liberator  
  64  18:56  Stimpack  
  64  19:09  Cloaking Field  
  64  19:41  Smart Servos  
  64  19:42  Marauder x4  
  64  19:44  Command Center, Thor  
  64  19:45  Thor, Siege Tank  
  84  19:46  Siege Tank  
  90  19:56  Refinery  
  90  20:22  Refinery  
  90  20:36  Terran Infantry Armor Level 2  
  90  20:37  Terran Infantry Weapons Level 3  
  46  22:01  Marauder x4  
  52  22:06  Thor x2  
  52  22:07  Siege Tank x2  
  72  22:20  Banshee x4  
  72  22:22  Marine x4  
  88  22:39  Hellion  
  88  22:40  Hellion  
  88  22:42  SCV  
  88  22:43  SCV x2  
  96  22:49  Hellion x2  
  100  22:53  Orbital Command  
  100  22:54  SCV  
  100  22:55  SCV  
  101  23:01  Hellion  
  101  23:03  Battlecruiser, Banshee x2  
  101  23:04  Battlecruiser  
  69  24:39  Hellion x3, Siege Tank  
  69  24:41  Missile Turret  
  69  24:42  Missile Turret  
  69  24:43  Missile Turret  
  78  25:00  Thor, Siege Tank x2  
  78  25:04  Missile Turret  
  90  25:09  Marine x3  
  90  25:10  Marine  
  90  25:11  Thor  
  100  25:19  Banshee  
  100  25:20  Banshee  
  106  25:27  Marine x4  
  110  25:32  Thor, Cyclone  
  119  25:43  Cyclone  
  119  25:45  Marine x4  
  126  25:54  Cyclone  
  129  26:03  Marine x4  
  133  26:16  Command Center  
  133  26:18  Refinery  
  133  26:20  Marine  
  133  26:21  Marine x3  
  133  26:22  Refinery  
  137  26:26  Command Center  
  137  26:28  Refinery  
  137  26:31  Refinery  
  137  26:59  Medivac x2  
  141  27:23  Terran Ship Weapons Level 3, Terran Vehicle Weapons Level 3  
  141  27:24  Terran Vehicle And Ship Armor Level 3  
  141  27:33  Terran Infantry Armor Level 3  
  141  27:34  Neosteel Armor, Neosteel Frame  
  97  28:20  Weapon Refit  
  97  28:53  Banshee x3, Hi-Sec Auto Tracking  
  97  28:54  Banshee  
  109  29:00  Thor  
  109  29:01  Thor x2  
  114  29:36  Banshee x4  
  117  29:52  Orbital Command  
  117  29:55  Orbital Command  
  105  30:19  Banshee x4  
  117  30:52  Hellion x3  
  117  30:53  Hellion  
  125  30:58  Marauder x4  
  130  31:13  Cyclone x3  
  130  31:14  Cyclone  
  142  31:19  Marauder x2  
  142  31:20  Marauder x2  
  141  31:41  Marauder x2  
  141  31:45  Cyclone x2  
  126  35:51  Marine x4  
  130  36:08  Marine  
  130  36:09  Marine x3  
  134  36:26  Marine x2  
  134  36:27  Marine x2  
  138  36:44  Marine x4  
  142  37:02  Marine x4  
Show
View Real Time Build Order
Export as new Build Order

tigro Terran - Winner!

Build Orders:  

Get SALT Encoding   

  12  0:06  SCV  
  13  0:16  Refinery  
  13  0:18  SCV  
  14  0:32  Supply Depot  
  14  0:50  Refinery  
  14  0:55  SCV  
  15  1:07  SCV  
  16  1:19  SCV  
  17  1:25  Barracks  
  17  1:31  SCV  
  18  1:43  SCV  
  19  2:13  SCV  
  20  2:18  Engineering Bay  
  20  2:19  Barracks Tech Lab  
  20  2:25  SCV  
  21  2:49  Command Center  
  21  3:02  Supply Depot  
  21  3:12  Marine  
  22  3:18  Planetary Fortress  
  22  3:23  Terran Infantry Weapons Level 1  
  22  3:30  Marine  
  23  3:47  Marine  
  24  3:50  Missile Turret  
  24  4:05  Marine  
  25  4:13  Refinery  
  25  4:17  SCV  
  25  4:23  Marine  
  27  4:29  SCV  
  28  4:41  SCV  
  29  4:47  Combat Shield  
  29  4:53  SCV  
  30  5:05  SCV  
  31  5:18  Terran Infantry Armor Level 1  
  31  5:38  Missile Turret  
  31  6:05  Refinery  
  31  6:08  SCV  
  32  6:20  SCV  
  33  6:27  Stimpack  
  33  6:45  Factory  
  33  6:50  Marauder  
  35  7:11  Neosteel Frame  
  35  7:12  Marauder  
  37  7:22  SCV  
  38  7:33  Marauder, Supply Depot  
  38  7:34  SCV  
  41  7:55  Marauder  
  43  8:07  Concussive Shells  
  43  8:08  Factory Tech Lab  
  43  8:16  Marauder  
  45  8:28  Armory  
  45  8:30  Neosteel Armor  
  45  8:42  SCV  
  46  8:54  SCV  
  47  9:10  SCV  
  48  9:22  SCV  
  49  9:35  SCV  
  50  9:40  Command Center  
  50  9:47  Infernal Pre-Igniter, SCV  
  51  9:59  SCV  
  52  10:10  Hi-Sec Auto Tracking  
  52  10:52  Thor  
  52  10:54  Planetary Fortress  
  58  11:02  Supply Depot  
  58  11:06  Rapid Fire Launchers  
  58  11:34  Thor, Starport  
  64  12:02  Refinery  
  64  12:04  SCV  
  65  12:16  SCV  
  65  12:17  Thor  
  72  12:24  Drilling Claws  
  72  12:36  Starport Tech Lab  
  72  13:05  Missile Turret  
  72  13:40  Missile Turret  
  72  13:43  Smart Servos  
  74  14:10  Marauder  
  74  14:24  Rapid Reignition System, Thor  
  49  14:31  Marauder  
  51  14:53  Marauder  
  51  15:07  Thor  
  59  15:14  Marauder  
  59  15:20  Corvid Reactor  
  59  15:21  Fusion Core  
  59  15:25  Terran Ship Weapons Level 1  
  61  15:35  Marauder  
  61  15:46  Refinery  
  61  15:50  Siege Tank  
  64  16:05  Weapon Refit  
  64  16:22  Siege Tank  
  67  16:30  Marauder  
  69  16:38  Battlecruiser  
  69  16:39  Cloaking Field  
  75  16:51  Marauder  
  77  16:55  Supply Depot  
  77  17:17  Marauder, Siege Tank  
  77  17:19  Supply Depot, Terran Vehicle Weapons Level 1  
  82  17:39  Marauder  
  82  17:42  Battlecruiser  
  80  17:58  Hyperflight Rotors  
  80  18:00  Marauder  
  60  18:21  Marine  
  60  18:23  Thor  
  67  18:39  Marine  
  68  18:46  Battlecruiser  
  74  18:56  Marine  
  75  19:06  Thor  
  81  19:11  Supply Depot  
  81  19:13  Terran Vehicle And Ship Armor Level 1  
  81  19:14  Marine  
  82  19:32  Marine  
  82  19:34  Terran Infantry Weapons Level 2  
  83  19:49  Thor  
  83  19:50  Marine, Battlecruiser  
  96  19:59  Advanced Ballistics  
  96  20:08  Marine  
  97  20:25  Marine  
  98  20:43  Marine  
  99  20:51  Missile Turret  
  99  21:01  Marine  
  100  21:07  Terran Vehicle Weapons Level 2  
  100  21:19  Marine  
  101  21:31  Thor  
  101  21:39  Battlecruiser  
  101  21:42  Marine  
  96  21:50  Terran Infantry Armor Level 2  
  86  22:14  Thor  
  92  22:43  Medivac  
  88  23:13  Viking  
  71  23:23  Terran Ship Weapons Level 2  
  45  23:43  Battlecruiser  
  45  24:10  Marauder  
  39  24:28  Siege Tank  
  44  24:31  Marauder  
  44  24:41  Refinery  
  44  24:47  Battlecruiser  
  44  24:52  Refinery  
  52  24:53  Marauder  
  52  25:00  Siege Tank  
  55  25:09  Refinery  
  57  25:14  Marauder  
  57  25:32  Siege Tank  
  62  25:35  Marauder  
  62  25:51  Medivac  
  62  25:56  Marine  
  65  26:04  Siege Tank  
  68  26:14  Marine  
  69  26:20  Terran Vehicle Weapons Level 3  
  69  26:21  Battlecruiser  
  75  26:27  Terran Infantry Weapons Level 3  
  75  26:32  Marine  
  76  26:36  Siege Tank  
  79  26:50  Marine  
  80  27:07  Marine  
  80  27:08  Thor  
  87  27:25  Viking, Marine  
  90  27:43  Marine  
  90  27:51  Siege Tank  
  93  27:55  Medivac  
  95  28:01  Marine  
  96  28:19  Marine  
  97  28:23  Siege Tank  
  97  28:29  Battlecruiser  
  60  28:56  Terran Vehicle And Ship Armor Level 2  
  57  29:04  Terran Infantry Armor Level 3  
  51  29:33  Battlecruiser  
  57  29:40  Marauder  
  59  30:01  Marauder  
  54  30:23  Marauder  
  56  30:31  Siege Tank  
  59  30:37  Battlecruiser  
  65  30:44  Marauder  
  67  31:03  Siege Tank  
  70  31:05  Marauder  
  72  31:12  Terran Ship Weapons Level 3  
  70  31:35  Siege Tank  
  73  31:41  Battlecruiser  
  79  31:58  Refinery  
Show
View Real Time Build Order
Export as new Build Order

IA (Más difícil) Terran 

Build Orders:  

Get SALT Encoding   

  12  0:01  SCV  
  13  0:13  SCV  
  14  0:20  Supply Depot  
  14  0:25  SCV  
  15  0:41  SCV  
  16  0:46  Barracks  
  16  0:50  Refinery  
  16  0:53  SCV  
  17  1:05  SCV  
  18  1:17  SCV  
  19  1:23  Supply Depot  
  19  1:30  SCV  
  20  1:33  Marine  
  21  1:44  Barracks, Orbital Command  
  21  1:52  Barracks Tech Lab  
  21  2:03  Refinery  
  20  2:08  Supply Depot  
  20  2:10  Marine  
  21  2:28  Marine  
  22  2:30  Marine  
  23  2:46  Marauder  
  23  2:48  Marine  
  23  2:50  Supply Depot  
  25  3:06  Marine  
  25  3:08  Marauder  
  26  3:24  Marine  
  26  3:28  Supply Depot  
  26  3:29  Marine  
  25  3:42  Marine  
  25  3:46  SCV  
  25  3:47  Marauder  
  29  3:59  Marine, SCV  
  30  4:08  Marine  
  30  4:10  Engineering Bay  
  30  4:11  SCV  
  31  4:17  Marine  
  31  4:23  SCV  
  33  4:27  Marauder  
  33  4:29  Supply Depot  
  35  4:35  Marine, SCV  
  34  4:47  Marine, SCV  
  36  4:53  Marine  
  36  5:05  Marine  
  37  5:11  Marine  
  33  5:24  Marauder  
  32  5:28  Marine  
  30  5:44  Marine  
  30  5:46  Marine  
  31  5:59  Factory  
  31  6:02  Marine, Factory  
  32  6:06  Barracks Tech Lab  
  32  6:07  Command Center  
  31  6:20  Marine  
  31  6:24  Marine  
  33  6:38  Marine  
  33  6:39  Combat Shield  
  34  6:42  Marauder, Factory Tech Lab  
  34  6:44  Terran Infantry Weapons Level 1  
  36  6:47  Starport  
  36  6:50  Starport  
  36  6:51  Widow Mine  
  37  6:59  Marine  
  37  7:00  Stimpack  
  41  7:08  Siege Tank  
  41  7:12  Factory Tech Lab  
  41  7:20  SCV x2  
  43  7:23  Refinery, Starport Tech Lab  
  43  7:27  Viking  
  45  7:31  Refinery  
  45  7:32  SCV  
  45  7:35  Siege Tank, SCV  
  50  7:44  Widow Mine, SCV  
  50  7:47  SCV  
  54  7:52  Viking  
  54  7:56  SCV  
  54  7:57  Starport Tech Lab  
  57  7:59  SCV  
  58  8:08  SCV  
  58  8:11  SCV  
  60  8:13  Marine  
  60  8:15  Raven  
  62  8:21  SCV  
  62  8:22  Raven  
  62  8:23  SCV  
  62  8:26  Supply Depot  
  66  8:33  SCV  
  64  8:35  SCV  
  64  8:38  Terran Infantry Armor Level 1  
  64  8:39  Missile Turret  
  65  8:45  Siege Tank, SCV  
  65  8:47  SCV  
  70  8:57  SCV  
  70  8:58  Banshee  
  70  9:00  SCV  
  70  9:02  Missile Turret  
  75  9:04  Supply Depot  
  75  9:05  Banshee  
  75  9:09  SCV, Missile Turret  
  79  9:12  SCV  
  79  9:15  Missile Turret  
  80  9:21  Sensor Tower  
  80  9:26  Bunker  
  80  9:28  SCV  
  80  9:34  Armory  
  80  9:43  Bunker  
  80  9:46  Barracks  
  80  9:56  SCV  
  80  10:10  Marauder  
  80  10:13  Marine  
  80  10:17  Factory  
  80  10:18  Hellion  
  82  10:21  Starport  
  82  10:22  Supply Depot  
  82  10:23  Hellion  
  84  10:33  Barracks Reactor  
  84  10:39  Siege Tank  
  87  10:43  Medivac  
  87  10:44  Siege Tank  
  92  10:50  Supply Depot, Medivac  
  94  10:57  Medivac  
  94  10:59  Marine  
  94  11:01  Factory Tech Lab  
  94  11:03  Marine  
  98  11:08  Marine  
  99  11:13  Raven, Hellion  
  99  11:17  Marine  
  104  11:19  Supply Depot  
  104  11:22  Hellion  
  106  11:26  Marine  
  106  11:28  Starport Reactor  
  106  11:30  Marine  
  106  11:35  Siege Tank  
  106  11:39  Marine  
  109  11:44  Siege Tank  
  109  11:46  Supply Depot  
  112  11:48  Siege Tank  
  112  11:51  Terran Infantry Weapons Level 2  
  115  12:03  Command Center  
  115  12:07  Siege Tank  
  118  12:10  Supply Depot  
  118  12:17  Infernal Pre-Igniter  
  118  12:30  Terran Vehicle Weapons Level 1  
  118  12:38  Engineering Bay  
  118  12:45  Marine  
  118  12:59  Ghost Academy  
  118  13:03  Terran Infantry Armor Level 2  
  118  13:12  Fusion Core  
  118  13:16  SCV x2  
  118  13:17  SCV  
  121  13:24  Refinery  
  121  13:28  SCV  
  121  13:29  SCV x2  
  121  13:33  Missile Turret  
  122  13:39  Siege Tank  
  122  13:40  SCV  
  122  13:41  SCV x2  
  124  13:42  Missile Turret  
  124  13:45  Armory  
  124  13:46  Refinery  
  124  13:47  Command Center  
  125  13:52  SCV  
  125  13:54  SCV x2  
  128  13:59  Marine x2  
  128  14:02  Supply Depot, Marine  
  131  14:04  Marine, SCV  
  133  14:17  Marine x2  
  133  14:20  Marine  
  133  14:21  Raven  
  133  14:22  Marine  
  131  14:29  Supply Depot  
  131  14:30  Raven  
  120  14:34  Marine  
  120  14:35  Marine  
  120  14:38  Marine  
  114  14:39  Marine  
  112  14:52  Marine  
  112  14:53  Marauder  
  112  14:55  Marine  
  112  14:57  Marine  
  110  15:04  Raven  
  110  15:05  Refinery  
  97  15:10  Marine, Refinery  
  97  15:11  Medivac  
  97  15:13  Marine  
  97  15:14  Marine  
  93  15:15  Marine  
  93  15:19  SCV  
  96  15:28  Marauder  
  96  15:31  Marine  
  96  15:32  Marauder  
  96  15:33  Marine  
  102  15:49  Marine x2  
  104  15:51  Marine  
  104  15:53  Marine  
  106  16:07  Marine x2  
  106  16:09  Marine  
  109  16:11  Marauder  
  109  16:12  Bunker  
  109  16:16  Missile Turret  
  111  16:18  Missile Turret  
  111  16:24  Marine  
  114  16:25  Marauder  
  114  16:32  Terran Vehicle And Ship Armor Level 1  
  114  16:33  Marauder  
  114  16:35  Terran Infantry Weapons Level 3  
  114  16:36  Concussive Shells  
  116  16:41  Bunker  
  116  16:44  Terran Infantry Armor Level 3  
  116  16:46  Ghost  
  118  16:49  Rapid Reignition System, Terran Vehicle Weapons Level 2  
  120  16:54  Marauder  
  120  17:13  Viking  
  124  17:15  Marauder  
  124  17:17  Siege Tank  
  124  17:21  Siege Tank  
  130  17:24  Cyclone  
  130  17:28  Viking  
  135  17:31  Banshee  
  135  17:36  Marauder  
  140  17:39  Marauder  
  142  17:49  Thor  
  142  17:51  Viking, Supply Depot, Command Center  
  150  17:52  Thor  
  150  17:54  Viking  
  156  17:58  Siege Tank  
  156  18:02  Ghost  
  143  18:12  Marine  
  143  18:14  Banshee  
  143  18:16  Marine  
  140  18:20  Marine  
  140  18:21  Raven  
  140  18:26  Terran Ship Weapons Level 1  
  126  18:30  Siege Tank  
  126  18:32  Siege Tank  
  127  18:35  Marine, Cyclone  
  127  18:39  Marine  
  132  18:43  Marine  
  132  18:46  Marine  
  134  18:53  Marine  
  135  18:57  Raven, Marine  
  135  19:00  Marine  
  139  19:03  Raven  
  139  19:04  Marine  
  139  19:05  Terran Vehicle And Ship Armor Level 2, Siege Tank  
  145  19:11  Marine, Refinery  
  145  19:15  Missile Turret  
  145  19:16  Missile Turret  
  146  19:24  Neosteel Armor  
  146  19:26  Refinery  
  146  19:30  Neosteel Frame  
  146  19:42  Bunker  
  146  20:20  Terran Vehicle Weapons Level 3  
  146  20:48  Marine x2  
  146  20:49  Marine x2, Hi-Sec Auto Tracking  
  150  21:06  Marine  
  150  21:07  Marauder x2  
  156  21:13  Marine  
  153  21:25  SCV  
  149  21:27  Marine  
  149  21:28  Marine  
  141  21:33  Barracks Reactor  
  132  21:40  Raven x2  
  132  21:45  Command Center  
  132  21:46  Marauder x2  
  122  22:06  Ghost  
  122  22:07  Marine  
  121  22:08  Marine x2  
  114  22:23  Raven  
  114  22:25  Marine  
  114  22:26  Marine x2  
  119  22:35  Marine  
  120  22:42  Marine  
  121  22:44  Marine x2  
  121  22:48  SCV  
  123  22:54  Marauder  
  125  22:59  Refinery  
  125  23:00  Marine  
  125  23:02  Marine x2  
  125  23:04  SCV  
  125  23:05  SCV  
  128  23:09  Missile Turret  
  128  23:12  SCV  
  128  23:14  Marine  
  128  23:17  Missile Turret, SCV  
  128  23:18  Marine  
  128  23:19  Marine, Refinery  
  126  23:20  Marine  
  126  23:22  Bunker  
  126  23:25  Raven  
  128  23:27  Bunker, Raven  
  128  23:31  Missile Turret  
  128  23:32  Marine  
  127  23:36  Marauder  
  127  23:37  Marine x2  
  127  23:39  Bunker  
  131  23:48  Hellion  
  133  23:49  Terran Vehicle And Ship Armor Level 3, Terran Ship Weapons Level 2  
  133  23:50  Marine  
  133  23:51  Hellion  
  133  23:53  Siege Tank  
  139  23:57  Marine  
  139  23:58  SCV x2  
  139  24:00  Marine  
  139  24:01  SCV x2  
  141  24:03  Marine  
  141  24:06  SCV  
  141  24:08  Marine  
  136  24:10  Siege Tank  
  136  24:16  Marine  
  127  24:18  Marine, Refinery  
  127  24:21  Marine  
  127  24:25  Siege Tank  
  127  24:26  Marine  
  127  24:28  Hellion  
  133  24:35  Marine  
  133  24:36  Marine  
  135  24:41  Marine  
  135  24:43  Marine  
  135  24:45  Hellion  
  139  24:50  Siege Tank  
  142  24:54  Marauder  
  142  24:57  Siege Tank  
  147  25:02  Marauder  
  147  25:06  Siege Tank  
  152  25:22  Siege Tank  
  155  25:29  Siege Tank  
  158  26:06  Terran Ship Weapons Level 3  
  158  26:49  SCV  
  158  27:34  Marine  
  158  27:36  Command Center  
  148  27:37  Marine  
  148  27:39  Marine  
  148  27:41  Marine  
  123  27:44  Hellion  
  123  27:49  Hellion  
  102  27:52  Marine  
  102  27:55  Marine  
  102  27:57  Marine  
  102  27:58  Siege Tank  
  86  27:59  Marine  
  87  28:06  Hellion  
  87  28:10  Marine  
  87  28:11  Siege Tank  
  87  28:12  Marine  
  93  28:14  Marine  
  93  28:17  Marine  
  96  28:27  Siege Tank  
  96  28:28  Marine  
  96  28:30  Marine, Siege Tank  
  96  28:32  Medivac, Marine  
  101  28:35  Marine  
  101  28:37  SCV x2  
  101  28:38  Raven, SCV  
  97  28:41  SCV  
  97  28:43  Siege Tank  
  97  28:46  Marine, SCV  
  97  28:48  Marine  
  100  28:50  Marine  
  100  28:51  Refinery  
  100  28:52  Marine  
  100  28:55  Missile Turret  
  103  28:57  Missile Turret  
  103  28:59  Siege Tank, Refinery  
  103  29:02  Siege Tank  
  104  29:03  SCV  
  104  29:04  Raven, Marine  
  104  29:06  Marine  
  104  29:08  Marine  
  100  29:10  Marine  
  100  29:15  Hellion, SCV  
  100  29:16  SCV  
  94  29:17  SCV  
  94  29:18  Bunker  
  94  29:21  Medivac, Raven, Marine  
  94  29:23  Medivac  
  94  29:24  Marine, SCV  
  94  29:26  Marine  
  94  29:27  SCV x2  
  94  29:28  Marine  
  91  29:31  Hellion  
  91  29:34  Hellion, SCV x2  
  91  29:36  Siege Tank  
  91  29:37  SCV  
  87  29:39  Bunker, Marine  
  87  29:41  Marine  
  87  29:42  Bunker  
  87  29:43  SCV  
  87  29:44  Marine  
  87  29:45  SCV  
  83  29:46  Marine  
  83  29:47  Raven  
  83  29:50  SCV x2  
  83  29:51  Medivac  
  85  29:52  Siege Tank, SCV  
  85  29:53  SCV  
  85  29:55  SCV  
  85  29:56  Hellion  
  85  29:57  Marine, SCV  
  85  29:59  Marine  
  83  30:01  Marine  
  83  30:02  SCV  
  83  30:03  SCV  
  83  30:04  Raven, Marine  
  83  30:05  SCV  
  86  30:07  SCV x2  
  86  30:08  Siege Tank  
  86  30:09  Medivac, SCV  
  86  30:11  Command Center  
  89  30:14  SCV  
  89  30:15  Marine, SCV  
  89  30:17  Hellion, Marine, SCV  
  89  30:19  Marine, SCV  
  90  30:21  Medivac, Marine  
  90  30:25  Hellion  
  93  30:29  Raven  
  93  30:33  Marine  
  93  30:35  Marine  
  95  30:37  Marine  
  95  30:38  SCV  
  95  30:39  Marine  
  95  30:41  Widow Mine x2, SCV  
  95  30:42  SCV  
  90  30:46  Thor  
  90  30:47  Raven  
  90  30:49  Medivac  
  91  30:50  Marine, SCV  
  91  30:52  Medivac  
  91  30:53  Marine  
  91  30:55  Marine  
  94  30:59  Command Center  
  94  31:02  Marine, Siege Tank x2, SCV  
  98  31:04  SCV  
  98  31:08  Marine  
  98  31:10  Marine  
  95  31:12  Raven  
  95  31:13  Marine  
  93  31:20  Marine  
  93  31:24  SCV  
  90  31:26  Marine, SCV  
  90  31:28  Medivac, Marine  
  90  31:29  Widow Mine, SCV x2  
  90  31:30  Medivac  
  90  31:32  Marine  
  90  31:34  Widow Mine  
  90  31:35  Medivac  
  90  31:37  Marine  
  91  31:44  Marine, Siege Tank  
  91  31:46  Marine  
  90  31:50  Thor, Marine, Engineering Bay  
  90  31:51  SCV  
  90  31:52  Bunker  
  87  31:55  Raven, Siege Tank  
  87  31:56  Marine  
  87  31:58  Viking  
  87  31:59  SCV  
  87  32:00  Viking  
  92  32:02  Marauder  
  92  32:05  Raven  
  92  32:07  SCV  
  92  32:08  Marine  
  95  32:10  SCV  
  95  32:11  Armory  
  95  32:14  SCV  
  86  32:16  SCV  
  86  32:17  Hellion, SCV  
  86  32:18  SCV  
  85  32:24  Marauder  
  85  32:28  Viking, Hellion  
  85  32:30  Medivac  
  83  32:37  Supply Depot  
  77  32:48  Barracks, Viking  
  77  32:49  Hellion  
  77  32:58  Command Center  
  70  33:09  Supply Depot  
  56  33:36  Supply Depot  
  54  33:44  Supply Depot  
  54  33:47  Command Center  
  46  33:53  Supply Depot  
  29  34:12  Command Center  
  28  34:21  Supply Depot  
  11  34:58  Command Center  
  11  34:59  SCV  
  9  35:01  Supply Depot  
  5  35:11  SCV  
  5  35:23  SCV  
  6  35:29  Command Center  
  6  35:35  SCV  
  5  35:47  SCV  
  6  35:57  Command Center  
  6  35:59  SCV  
  1  37:09  SCV  
  2  37:21  Command Center  
Show
View Real Time Build Order
Export as new Build Order

IA (Más difícil) Zerg 

Build Orders: 1 Base Baneling Bust, Pool First 

Get SALT Encoding   

  12  0:01  Drone  
  13  0:12  Overlord  
  13  0:17  Drone  
  14  0:30  Drone  
  14  0:31  Drone  
  16  0:43  Spawning Pool  
  16  0:46  Drone  
  17  0:50  Drone  
  17  0:52  Extractor  
  17  0:55  Drone  
  17  1:06  Overlord  
  17  1:31  Zergling x2, Queen  
  20  1:34  Zergling x2  
  20  1:38  Drone  
  20  1:39  Roach Warren  
  21  1:41  Extractor  
  20  1:49  Drone  
  21  1:56  Baneling Nest  
  21  2:00  Drone  
  19  2:10  Zergling x2  
  20  2:21  Zergling x2  
  21  2:32  Drone  
  21  2:38  Zergling x2, Overlord  
  21  2:41  Zergling x2  
  24  2:44  Zergling x2  
  23  2:54  Drone  
  24  3:05  Zergling x2  
  23  3:16  Drone  
  24  3:26  Zergling x2  
  25  3:37  Zergling x2  
  24  3:41  Baneling  
  24  3:45  Baneling  
  24  3:46  Baneling  
  24  3:48  Zergling x2  
  25  3:56  Baneling  
  25  3:58  Zergling x2  
  26  4:09  Zergling x2  
  24  4:20  Zergling x2  
  24  4:31  Zergling x2  
  25  4:41  Zergling x2, Metabolic Boost  
  26  4:52  Zergling x2  
  24  5:01  Baneling x2  
  24  5:02  Baneling  
  24  5:03  Zergling x2  
  25  5:07  Queen  
  25  5:13  Drone  
  19  5:14  Baneling x2  
  14  5:22  Zergling x2, Drone x2  
  14  5:25  Drone  
  13  5:36  Drone  
  13  5:40  Baneling  
  12  5:43  Hatchery  
  12  5:47  Drone  
  12  5:50  Drone  
  13  5:59  Drone  
  14  6:06  Drone  
  15  6:13  Drone  
  16  6:22  Drone  
  17  6:28  Drone  
  18  6:36  Zergling x2  
  19  6:46  Roach  
  20  6:56  Drone  
  20  7:00  Drone  
  21  7:06  Drone  
  22  7:12  Drone  
  23  7:18  Drone  
  24  7:23  Zergling x2  
  23  7:31  Roach  
  25  7:44  Lair  
  24  8:03  Drone  
  25  8:08  Drone  
  25  8:12  Drone  
  27  8:15  Drone  
  27  8:19  Drone  
  29  8:24  Zergling x2  
  27  8:29  Roach  
  27  8:32  Drone  
  30  8:35  Drone  
  30  8:39  Drone  
  32  8:41  Drone  
  32  8:44  Drone  
  32  8:46  Hydralisk Den  
  32  8:47  Drone  
  34  8:51  Drone  
  34  8:53  Zergling x2  
  36  8:59  Overlord  
  36  9:03  Roach  
  36  9:09  Roach  
  40  9:16  Hydralisk  
  42  9:20  Overlord  
  42  9:22  Hydralisk, Drone  
  42  9:24  Infestation Pit  
  44  9:30  Drone  
  45  9:32  Drone  
  45  9:34  Drone  
  45  9:36  Drone  
  48  9:38  Drone  
  48  9:41  Drone  
  48  9:43  Drone  
  52  9:45  Drone  
  52  9:49  Overlord  
  52  10:02  Infestor  
  53  10:07  Hydralisk, Evolution Chamber  
  53  10:11  Hydralisk  
  43  10:17  Queen  
  45  10:30  Hatchery  
  37  10:51  Hydralisk  
  39  10:57  Overseer  
  39  10:59  Evolution Chamber  
  38  11:06  Hydralisk  
  38  11:07  Zergling x2  
  38  11:09  Hydralisk  
  42  11:14  Overlord  
  42  11:25  Overlord  
  27  11:42  Queen  
  27  11:43  Zergling x2  
  27  11:46  Zergling x2  
  16  11:58  Drone x2  
  9  12:03  Drone  
  9  12:07  Overlord  
  6  12:24  Spawning Pool  
  4  12:34  Drone x2  
  4  12:39  Drone  
Show
View Real Time Build Order
Export as new Build Order

IA (Más difícil) Zerg 

Build Orders: Hatch First 

Get SALT Encoding   

  12  0:01  Drone  
  13  0:12  Overlord  
  13  0:18  Drone  
  14  0:31  Drone x2  
  14  0:34  Drone  
  17  0:54  Hatchery  
  17  0:56  Drone  
  17  1:12  Spawning Pool, Drone  
  17  1:16  Drone  
  18  1:18  Extractor  
  18  1:22  Drone  
  18  1:29  Overlord  
  18  1:38  Drone  
  19  1:58  Queen  
  19  2:00  Zergling x2, Drone  
  20  2:06  Drone  
  20  2:11  Drone  
  21  2:16  Drone  
  21  2:21  Zergling x2  
  22  2:32  Zergling x2  
  20  2:39  Drone  
  20  2:43  Drone  
  20  2:47  Roach Warren  
  20  2:48  Drone  
  20  2:53  Drone  
  20  2:56  Drone  
  21  3:00  Zergling x2  
  21  3:05  Drone  
  22  3:11  Drone  
  20  3:17  Drone  
  16  3:23  Drone  
  15  3:29  Drone  
  15  3:39  Overlord  
  15  3:44  Drone  
  16  3:49  Drone  
  16  3:55  Drone  
  14  4:03  Drone  
  14  4:08  Drone  
  16  4:20  Overlord  
  16  4:25  Drone  
  14  4:38  Drone  
  13  5:26  Overlord  
  13  5:32  Drone  
  13  5:38  Drone  
  14  5:44  Drone  
  15  5:50  Drone  
  16  6:02  Overlord  
  16  6:06  Drone  
  17  6:12  Drone  
  5  6:39  Drone  
  4  6:42  Drone  
  4  6:43  Drone  
  5  6:47  Drone  
  5  6:51  Drone  
  3  7:18  Drone  
  4  7:23  Drone  
  4  7:27  Drone  
Tags
 
Add a new tag
Caveats
  • Supply blocks, unpowered buildings, or Contaminate may cause inaccurate times.
  • Supply counts are checked every 10 seconds.